Description

Copy of ViBE's Zerg B2GM Plat2 ZvE guide w/o 83 - Grooved Spines upgrade (workaround buggy GS).

Build Order

Get SALT Encoding   

  12  0:01  Drone  
  13  0:14  Overlord  
  13  0:17  Drone  
  14  0:33  Drone x2  
  16  0:50  Hatchery  
  16  0:53  Drone x2  
  17  1:10  Drone  
  18  1:13  Spawning Pool  
  18  1:16  Drone  
  18  1:21  Drone  
  19  1:30  Drone  
  20  1:33  Extractor  
  20  2:00  Queen x2  
  27  2:12  Overlord  
  28  2:28  Overlord  
  31  2:38  Lair  
  31  2:41  Queen  
  35  3:01  Overlord  
  44  3:16  Roach Warren  
  44  3:18  Evolution Chamber  
  42  3:26  Extractor x2  
  47  3:52  Overlord  
  47  3:59  Roach x2  
  51  4:09  Hatchery  
  51  4:12  Roach x2  
  51  4:15  Queen  
  57  4:18  Roach x3  
  63  4:25  Glial Reconstitution  
  63  4:29  Zerg Missile Weapons Level 1  
  76  5:13  Hydralisk Den  
  75  5:17  Evolution Chamber  
  75  5:18  Extractor  
  85  5:43  Extractor x2  
  83  5:50  Zerg Ground Armor Level 1  
  89  6:08  Hatchery  
  89  6:10  Overseer  
  88  6:21  Hydralisk x7  
  88  6:22  Zerg Missile Weapons Level 2  
  102  6:35  Hydralisk x3  
  112  7:02  Muscular Augments  
  130  7:16  Infestation Pit  
  126  7:36  Extractor x2  
  138  7:48  Zerg Ground Armor Level 2  
  158  8:25  Hatchery  
  199  9:14  Hive  
Spawning Tool Build Advisor. Get it on Overwolf

Go to:

Details

  • Created by: Phunk
  • Published on: Jul 18, 2021
  • Modified on: Jul 18, 2021
  • Patch: 4.11.0
  • Difficulty: Easy
Show
View Real Time Build Order
Export as new Build Order

Comments (0)

There are no comments. Be the first!

Create an account to comment!